 Dungeon Crawl Stone Soup version 0.29-a0-330-g52719c12eb (webtiles) character file.

Game seed: 408679966243021359

2515 kae the Firebug (level 9, -1/62 HPs)
             Began as a Demigod Fire Elementalist on Apr 28, 2022.
             Slain by a gnoll sergeant
             ... wielding a +0 trident of venom
              (6 damage)
             ... on level 7 of the Dungeon.
             The game lasted 00:05:27 (9926 turns).

kae the Firebug (Demigod Fire Elementalist)         Turns: 9926, Time: 00:05:27

Health: -1/62      AC:  5    Str: 12    XL:     9   Next: 8%
Magic:  10/22      EV: 12    Int: 29    God:
Gold:   120        SH:  0    Dex: 14    Spells: 7/20 levels left

rFire   + + .      SeeInvis +   r - +11 mace "Sienutiv" {holy, *Noise rF+ Str+3}
rCold   . . .      Faith    .   (no shield)
rNeg    . . .      Spirit   .   a - +0 robe
rPois   .          Reflect  .   (no helmet)
rElec   .          Harm     .   (no cloak)
rCorr   +          Rampage  .   (no gloves)
Will    +....                   o - +2 pair of boots
Stlth   ++........              (no amulet)
HPRegen 0.20/turn               l - ring "Zirixoa" {*Corrode rF+ Will+ SInv}
MPRegen 0.18/turn               m - ring of resist corrosion

@: no status effects
A: high MP 1, forlorn, divine attributes
a: no special abilities


You were on level 7 of the Dungeon.
You visited 1 branch of the dungeon, and saw 7 of its levels.

You collected 270 gold pieces.
You spent 150 gold pieces at shops.

Inventory:

Hand Weapons
 r - the +11 mace "Sienutiv" (weapon) {holy, *Noise rF+ Str+3}
   (You found it on level 5 of the Dungeon)

   It has been blessed by the Shining One to cause great damage to the undead
   and demons.
   Str:       It affects your strength (+3).
   rF:        It protects you from fire.
   *Noise:    It may make noises in combat.
Armour
 a - a +0 robe (worn)
 o - a +2 pair of boots (worn)
Jewellery
 l - the ring "Zirixoa" (left hand) {*Corrode rF+ Will+ SInv}
   (You found it on level 3 of the Dungeon)

   [ring of see invisible]

   rF:        It protects you from fire.
   SInv:      It lets you see invisible.
   *Corrode:  It may corrode you when you take damage.
   Will:      It increases your willpower.
 m - a ring of resist corrosion (right hand)
 t - a ring of poison resistance
Wands
 d - a wand of iceblast (9)
 n - a wand of polymorph (8)
Scrolls
 e - 3 scrolls of teleportation
 j - a scroll of fog
 k - a scroll of noise
 q - a scroll of blinking
Potions
 b - 3 potions of magic
 c - 2 potions of flight
 f - 7 potions of curing
 g - 4 potions of invisibility
 h - a potion of lignification
 i - a potion of heal wounds
 p - a potion of haste
 s - a potion of attraction {unknown}


   Skills:
 - Level 1.7 Dodging
 - Level 1.7 Stealth
 + Level 6.3 Spellcasting
 + Level 6.7 Conjurations
 + Level 7.2 Fire Magic


You had 7 spell levels left.
You knew the following spells:

 Your Spells              Type           Power      Damage    Failure   Level
a - Foxfire               Conj/Fire      100%       2x1d9     1%          1
b - Scorch                Fire           100%       2d10      1%          2
c - Conjure Flame         Conj/Fire      49%        6-21      1%          3
d - Inner Flame           Hex/Fire       30%        N/A       3%          3
e - Flame Wave            Conj/Fire      49%        2d10      3%          4

Your spell library contained the following spells:

 Spells                   Type           Power      Damage    Failure   Level
 Pain                     Necr           36%        1d5       5%          1
 Gell's Gravitas          Tloc           9%         N/A       17%         3
 Lesser Beckoning         Tloc           9%         N/A       17%         3
 Ozocubu's Armour         Ice            9%         N/A       17%         3
 Teleport Other           Tloc           9%         N/A       17%         3
 Tukima's Dance           Hex            9%         N/A       17%         3
 Anguish                  Hex/Necr       4%         N/A       50%         4
 Agony                    Necr           9%         N/A       83%         5
 Excruciating Wounds      Necr           4%         N/A       83%         5
 Summon Cactus Giant      Summ           4%         N/A       100%        6
 Enfeeble                 Hex            4%         N/A       100%        7
 Ozocubu's Refrigeration  Ice            4%         4d5       100%        7


Dungeon Overview and Level Annotations

Branches:
Dungeon (7/15)             Temple (0/1) D:7

Shops:
D:2 *   D:5 [![*

Annotations:
D:2 1 runed translucent door, Crazy Yiuf
D:5 Dowan, Duvessa
D:6 3 runed translucent doors, p0werm0de's ghost, novice VSFi


Innate Abilities, Weirdness & Mutations

You have an increased reservoir of magic. (+10% MP)
You shall have no god before yourself.
Your divine heritage dramatically boosts your attributes as you level up.


Message History

The flame wave engulfs the gnoll.
The gnoll is moderately wounded.
The flame wave engulfs your foxfire.
Your foxfire completely resists.
The flame wave engulfs the gnoll sergeant.
The gnoll sergeant is lightly wounded.
You finish channelling waves of flame.
Casting: Flame Wave (dangerous; 3% risk of failure)
Confirm with . or Enter, or press ? or * to list all spells.
Casting: Flame Wave (dangerous; 3% risk of failure)
Press: ? - help, Dir - look around, f - activate A wave of flame ripples out! (Press . to intensify the flame waves.)
The gnoll hits you from afar with a +0 spear!
The gnoll sergeant closely misses you.
A wave of flame ripples out!
The flame wave engulfs the gnoll!
You kill the gnoll!
The flame wave engulfs the gnoll sergeant!
The gnoll sergeant is heavily wounded.
The gnoll sergeant hits you from afar with a +0 trident of venom!
A wave of flame ripples out!
The flame wave engulfs the gnoll sergeant but does no damage.
The gnoll sergeant is heavily wounded.
You finish channelling waves of flame.
The gnoll sergeant hits you from afar with a +0 trident of venom!
You are poisoned.
You feel very sick.
You feel sick.
You feel sick.
You enter the shallow water.
Moving in this stuff is going to be slow.
You feel sick.
You feel sick.
You feel sick.
You feel sick.
There is a staircase to the Ecumenical Temple here.
You feel sick.
You are no longer poisoned.
The gnoll sergeant hits you from afar with a +0 trident of venom.
You die...

#)#)# ##g#
#####.#.#####
##....###....
#######...##.#..##
............§§§..#
######.)..≈§g≈≈.##
##.#≈≈§§§≈≈.##.
#..§§§@§§§....
#..≈≈≈≈≈§≈###.
#.#.≈≈§§≈.#
#######....§≈≈..#
#..........######
#.####..####
#..#######
..####.........
........#######


You could see a gnoll sergeant.

Vanquished Creatures
  Pikel (D:5)
  Eustachio (D:5)
  Edmund (D:6)
  A water moccasin (D:5)
  A sky beast (D:7)
  A black bear (D:4)
  An ice beast (D:5)
  2 ogres
  A lemure (D:5)
  A phantom (D:4)
  2 bullfrogs (D:6)
  Blork the orc (D:6)
  A gnoll sergeant (D:6)
  A necrophage (D:5)
  A scorpion (D:5)
  5 orc priests
  3 hounds (D:5)
  Natasha (thrice) (D:2)
  6 orc wizards
  Robin (D:1)
  6 adders
  12 gnolls
  A white imp (D:6)
  2 ufetubi
  A worm (D:4)
  21 orcs
  7 ball pythons
  9 endoplasms
  2 giant cockroaches
  12 goblins
  14 hobgoblins
  6 quokkas
  5 bats
  5 frilled lizards
  3 kobolds
  3 rats
144 creatures vanquished.

Vanquished Creatures (others)
  457 foxfires
457 creatures vanquished.

Grand Total: 601 creatures vanquished

Notes
Turn   | Place    | Note
-------+----------+-------------------------------------------
     0 | D:1      | kae the Demigod Fire Elementalist began the quest for the
                  | Orb.
     0 | D:1      | Reached XP level 1. HP: 14/14 MP: 5/5
    92 | D:1      | Reached skill level 1 in Conjurations
   759 | D:1      | Reached XP level 2. HP: 20/20 MP: 2/7
  1010 | D:1      | Learned a level 2 spell: Scorch
  1226 | D:2      | Reached skill level 3 in Fire Magic
  1273 | D:2      | Found Duewer's General Store.
  1411 | D:2      | Found a runed translucent door.
  1412 | D:2      | Noticed Crazy Yiuf
  1605 | D:2      | Reached XP level 3. HP: 21/26 MP: 1/9
  1745 | D:2      | Noticed Robin
  2013 | D:1      | Killed Robin
  2646 | D:2      | Noticed Natasha
  2651 | D:2      | Killed Natasha
  2652 | D:2      | Reached XP level 4. HP: 21/33 MP: 3/10
  2959 | D:2      | Noticed Natasha
  2965 | D:2      | Killed Natasha
  3295 | D:2      | Noticed Natasha
  3301 | D:2      | Killed Natasha
  3424 | D:2      | Reached XP level 5. HP: 6/38 MP: 2/12
  3998 | D:3      | Reached skill level 4 in Fire Magic
  5329 | D:3      | Identified the ring "Zirixoa" {*Corrode rF+ Will+ SInv}
  5763 | D:4      | Noticed a black bear
  5834 | D:3      | Learned a level 3 spell: Conjure Flame
  5838 | D:3      | Learned a level 3 spell: Inner Flame
  5853 | D:4      | Reached XP level 6. HP: 45/45 MP: 12/14
  6756 | D:4      | Reached skill level 5 in Fire Magic
  6756 | D:4      | Reached XP level 7. HP: 50/50 MP: 4/16
  6935 | D:5      | Entered Level 5 of the Dungeon
  6974 | D:5      | Noticed Eustachio
  7575 | D:5      | Found Loenk's General Store.
  7576 | D:5      | Found Qaalin's Distillery.
  7578 | D:5      | Found Ifiguthre's Armour Shoppe.
  7579 | D:5      | Found Qel Beh's Armour Emporium.
  7758 | D:5      | Bought a scroll of blinking for 90 gold pieces
  7758 | D:5      | Bought a scroll of identify for 24 gold pieces
  7758 | D:5      | Bought a potion of curing for 36 gold pieces
  7789 | D:5      | Reached skill level 5 in Conjurations
  7807 | D:5      | Identified the +11 mace "Sienutiv" {holy, *Noise rF+ Str+3}
  7910 | D:5      | Noticed Duvessa
  7910 | D:5      | Noticed Dowan
  7925 | D:5      | Noticed Pikel
  7940 | D:5      | Killed Pikel
  7941 | D:5      | Reached skill level 5 in Spellcasting
  7941 | D:5      | Reached skill level 6 in Fire Magic
  7941 | D:5      | Reached XP level 8. HP: 57/57 MP: 6/19
  8541 | D:5      | Killed Eustachio
  8769 | D:6      | Noticed Blork the orc
  8783 | D:6      | Killed Blork the orc
  8975 | D:6      | Learned a level 4 spell: Flame Wave
  9194 | D:6      | Noticed Edmund
  9209 | D:6      | Killed Edmund
  9210 | D:6      | Reached skill level 7 in Fire Magic
  9582 | D:6      | Found a runed translucent gate.
  9595 | D:6      | Found a runed translucent gate.
  9595 | D:6      | Found a runed translucent gate.
  9597 | D:6      | Noticed p0werm0de's ghost (novice VSFi)
  9752 | D:7      | Reached XP level 9. HP: 62/62 MP: 16/22
  9887 | D:7      | Found a staircase to the Ecumenical Temple.
  9926 | D:7      | Slain by a gnoll sergeant

Illustrated notes

Levels and vault maps discovered:
D:1:      dpeg_arrival_arbitrary_b, layout_basic
D:2:      layout_basic, serial_shops, shop_statue, serial_curves,
          eino_curves_02, eino_curves_02, eino_curves_01,
          uniq_crazy_yiuf_cottage, uniq_robin, uniq_natasha
D:3:      layout_basic, nicolae_ecumenical_lake_church,
          kennysheep_generic_room_3
D:4:      layout_loops_cross, minmay_starry_boxes
D:5:      layout_basic, nicolae_wooded_promenade, hangedman_decor_lopped,
          minmay_strange_pillars, uniq_eustachio, uniq_pikel, uniq_duvessa
D:6:      layout_basic, ebering_ghost_rock_garden, hellmonk_bongcloud_opening,
          uniq_edmund, uniq_blork_the_orc
D:7:      layout_loops_ring, minmay_temple_entry_mist

Skill      XL: |  1  2  3  4  5  6  7  8 |
---------------+-------------------------+-----
Conjurations   | 1 2 3 4 5 6 |  6.7
Spellcasting   | 2 3 4 5 6 |  6.3
Fire Magic     | 3 4 5 6 7 |  7.2
Dodging        | |  1.7
Stealth        | |  1.7

Action                   |  1- 3 |  4- 6 |  7- 9 || total
-------------------------+-------+-------+-------++-------
Melee: Unarmed           |    14 |       |     5 ||    19
       Punch             |     1 |       |       ||     1
       Mace              |       |       |     2 ||     2
 Cast: Foxfire           |    58 |   134 |    86 ||   278
       Scorch            |    18 |    21 |    41 ||    80
       Conjure Flame     |       |     1 |     3 ||     4
       Flame Wave        |       |       |     3 ||     3
  Use: Scroll            |     2 |     7 |     5 ||    14
Armor: Robe              |     6 |    10 |    21 ||    37
Dodge: Dodged            |    43 |    18 |    68 ||   129

Table legend: (Time is in decaauts)
 A = Elapsed time spent in this place.
 B = Non-inter-level travel time spent in this place.
 C = Inter-level travel time spent in this place.
 D = Time resting spent in this place.
 E = Time spent auto-exploring this place.
 F = Levels seen in this place.
 G = Mean time per level.
                   A        B        C        D        E       F      G
               +--------+--------+--------+--------+--------+-----+--------+
         Total |   9935 |   9663 |    272 |    851 |   7607 |   7 | 1419.3 |
       Dungeon |   9935 |   9663 |    272 |    851 |   7607 |   7 | 1419.3 |
               +--------+--------+--------+--------+--------+-----+--------+

Top non-repeatable levels by time:
     D:2: 2540 daAuts
     D:5: 1775 daAuts
     D:3: 1692 daAuts
     D:1: 1376 daAuts
     D:4: 1333 daAuts
     D:6: 983 daAuts
     D:7: 233 daAuts
